 Dungeon Crawl Stone Soup version 0.27-a0-1312-g5cdb2b3542 (webtiles) character file.

Game seed: 16943896297317600897

115 Froggeryz the Chopper (level 4, 0/37 HPs)
             Began as a Palentonga Abyssal Knight on June 19, 2021.
             Was a Follower of Lugonu.
             Slain by a hobgoblin (4 damage)
             ... on level 3 of the Dungeon.
             The game lasted 00:02:18 (2770 turns).

Froggeryz the Chopper (Palentonga Abyssal Knight)   Turns: 2770, Time: 00:02:18

Health: 0/37       AC:  9    Str: 16    XL:     4   Next: 68%
Magic:  5/5        EV:  7    Int: 12    God:    Lugonu [*.....]
Gold:   92         SH:  0    Dex: 10    Spells: 3/3 levels left

rFire    . . .     SeeInvis +   a - +1 hand axe
rCold    . . .     Faith    .   (no shield)
rNeg     . . .     Spirit   .   d - +0 scale mail
rPois    .         Reflect  .   (no helmet)
rElec    .         Harm     .   l - +1 cloak
rCorr    .         Rampage  .   k - +0 pair of gloves
Will     .....                  (no barding)
Stlth    ..........             (no amulet)
HPRegen  0.12/turn              (no ring)
MPRegen  0.09/turn              (no ring)

@: no status effects
A: large, rugged brown scales 3, see invisible, deformed body, roll 1, armoured
tail, subdued magic 1
a: Rolling Charge, Renounce Religion, Depart the Abyss


You were on level 3 of the Dungeon.
You worshipped Lugonu.
Lugonu was aware of your devotion.
You visited 1 branch of the dungeon, and saw 3 of its levels.
You visited the Abyss 1 time.

You collected 92 gold pieces.

Inventory:

Hand Weapons
 a - a +1 hand axe (weapon)
Missiles
 j - 6 boomerangs (quivered)
Armour
 d - a +0 scale mail (worn)
 k - a +0 pair of gloves (worn)
 l - a +1 cloak (worn)
Scrolls
 f - a scroll of immolation
Potions
 b - a potion of ambrosia
 e - 2 potions of invisibility
 g - a potion of berserk rage
 h - a potion of flight
 i - 3 potions of lignification {unknown}


   Skills:
 - Level 3.0 Fighting
 * Level 5.0 Axes
 - Level 1.5 Armour
 - Level 0.7 Dodging
 - Level 2.0 Invocations


You had 3 spell levels left.
You didn't know any spells.
Your spell library was empty.

Dungeon Overview and Level Annotations

Branches:
Dungeon (3/15)

Altars:


Innate Abilities, Weirdness & Mutations

You are completely covered in rugged brown scales. (AC +3, +7% HP)
You have supernaturally acute eyesight. (SInv)
Armour fits poorly on your strangely shaped body.
You can roll at nearby foes to attack.
You have a long armoured tail.
Your spells are a little easier to cast, but a little less powerful.


Message History

You hit the endoplasm.
You kill the endoplasm!
Lugonu accepts your kill.
You hit the orc priest.
The orc wizard hits you but does no damage.
The orc priest invokes the aid of Beogh against you.
Pain shoots through your body!
You closely miss the orc wizard. You tail-slap the orc wizard.
You kill the orc wizard!
Lugonu accepts your kill.
You hit the hobgoblin but do no damage.
Your scale mail prevents you from hitting the orc priest.
The orc priest hits you but does no damage.
The hobgoblin hits you but does no damage.
Your Axes skill increases to level 5!
You barely miss the orc priest.
The orc priest is lightly wounded.
You hit the hobgoblin.
The orc priest hits you with a +0 flail.
The hobgoblin hits you but does no damage.
You closely miss the orc priest.
The orc priest is lightly wounded.
You hit the hobgoblin.
The orc priest hits you with a +0 flail.
The hobgoblin hits you but does no damage.
You barely miss the orc priest.
The orc priest is lightly wounded.
You closely miss the hobgoblin. The orc priest closely misses you.
The hobgoblin closely misses you.
You hit the orc priest.
The orc priest is heavily wounded.
You hit the hobgoblin but do no damage. The orc priest barely misses you.
The hobgoblin hits you but does no damage.
The orc priest invokes the aid of Beogh against you.
Beogh smites you!
* * * LOW HITPOINT WARNING * * *
It was a potion of mutation.
You feel extremely strange.
Your connection to magic feels subdued.
The hobgoblin hits you.
You die...

##.##........##..##.#.
.......>.............
. #. #.......##.######
..##.###).....###.# #
........)#...## #.# #
##......##.## ... #
#...#)###.# ... ####
#.###(..#.#. ...<.....
# #.#@)## ## .....####
#.##og# ...


lw... .## .#..### . #.#..# . ...# ## .... .#=# You could see a worm, an orc
priest, a hobgoblin and a frilled lizard.

Vanquished Creatures
  An orc wizard (D:3)
  4 adders (D:2)
  3 orcs (D:3)
  7 ball pythons
  5 bats (D:1)
  4 endoplasms
  3 giant cockroaches
  A goblin (D:2)
  4 hobgoblins
  4 jackals
  2 quokkas
  A frilled lizard (D:1)
  7 kobolds
  2 rats
48 creatures vanquished.

Notes
Turn   | Place    | Note
-------+----------+-------------------------------------------
     0 | Abyss:1  | Froggeryz the Palentonga Abyssal Knight began the quest for
                  | the Orb.
     0 | Abyss:1  | Reached XP level 1. HP: 19/19 MP: 2/2
    58 | Abyss:1  | Found a corrupted altar of Lugonu.
    62 | Abyss:1  | Noticed a wraith
    65 | D:1      | Escaped the Abyss
   347 | D:1      | Found a faded altar of an unknown god.
   397 | D:1      | Reached * piety under Lugonu
   398 | D:1      | Reached XP level 2. HP: 25/25 MP: 3/3
   491 | D:1      | Reached skill level 3 in Axes
   982 | D:2      | Reached XP level 3. HP: 31/31 MP: 4/4
  1549 | D:2      | Reached skill level 4 in Axes
  2325 | D:2      | Reached XP level 4. HP: 37/37 MP: 5/5
  2766 | D:3      | Reached skill level 5 in Axes
  2770 | D:3      | Gained mutation: Your spells are a little easier to cast,
                  | but a little less powerful. [potion of mutation]
  2770 | D:3      | Slain by a hobgoblin

Illustrated notes

Levels and vault maps discovered:
D:1:      giann_bridges, layout_basic, chequers_ecumenical_altar_island
D:2:      layout_basic
D:3:      layout_loops_ring, st_stairs_1, nrook_uturn

Skill      XL: |  1  2  3  4 |
---------------+-------------+-----
Axes           | 3 4 5 |  5.0
Fighting       | |  3.0
Armour         | |  1.5
Dodging        | |  0.7
Invocations    | |  2.0

Action                   |  1- 3 |  4- 6 || total
-------------------------+-------+-------++-------
Melee: Hand axe          |   133 |    24 ||   157
       Tailslap          |    10 |     6 ||    16
Invok: Depart the Abyss  |     1 |       ||     1
 Abil: Rolling Charge    |     1 |       ||     1
  Use: Scroll            |     7 |       ||     7
       Potion            |       |     1 ||     1
Armor: Scale mail        |    85 |    21 ||   106
       Leather armour    |     6 |       ||     6
Dodge: Dodged            |    60 |     6 ||    66

Table legend: (Time is in decaauts)
 A = Elapsed time spent in this place.
 B = Non-inter-level travel time spent in this place.
 C = Inter-level travel time spent in this place.
 D = Time resting spent in this place.
 E = Time spent auto-exploring this place.
 F = Levels seen in this place.
 G = Mean time per level.
                   A        B        C        D        E       F      G
               +--------+--------+--------+--------+--------+-----+--------+
         Total |   2799 |   2684 |    115 |    657 |   1619 |   4 |  699.8 |
       Dungeon |   2733 |   2618 |    115 |    657 |   1559 |   3 |  911.0 |
         Abyss |     65 |     65 |      0 |      0 |     60 |   1 |   65.0 |
               +--------+--------+--------+--------+--------+-----+--------+

Top non-repeatable levels by time:
     D:2: 1450 daAuts
     D:1: 1183 daAuts
     D:3: 100 daAuts
 Abyss:1: 65 daAuts
